 Dungeon Crawl Stone Soup version 0.27-a0-1147-gb3d8e82157 (webtiles) character file.

Game seed: 1910532525068496524

2193 HoaS the Grappler (level 9, -1/78 HPs)
             Began as a Tengu Berserker on May 11, 2021.
             Was an Elder of Trog.
             Slain by a killer bee (6 damage)
             ... on level 6 of the Dungeon.
             The game lasted 00:10:54 (6184 turns).

HoaS the Grappler (Tengu Berserker)                 Turns: 6184, Time: 00:10:55

Health: -1/78      AC:  6    Str: 22    XL:     9   Next: 34%
Magic:  10/10      EV: 13    Int:  7    God:    Trog [****..]
Gold:   316        SH:  0    Dex: 13    Spells: 8/8 levels left

rFire    + . .     SeeInvis .     - Unarmed
rCold    . . .     Faith    .   (no shield)
rNeg     . . .     Spirit   .   h - +0 scale mail
rPois    .         Reflect  .   (helmet restricted)
rElec    .         Harm     .   (no cloak)
rCorr    +         Rampage  .   (no gloves)
Will     ++...                  (boots unavailable)
Stlth    ..........             (no amulet)
HPRegen  1.23/turn              a - ring of protection from fire
MPRegen  0.12/turn              m - ring of resist corrosion

@: berserking (expiring), lethally poisoned (-1 -> -1), strong-willed, flying
quickly and evasively, regenerating, very quick
A: beak, talons 3, nimble flight
a: Renounce Religion, Berserk, Trog's Hand, Brothers in Arms


You were on level 6 of the Dungeon.
You worshipped Trog.
Trog was greatly pleased with you.
You visited 1 branch of the dungeon, and saw 7 of its levels.

You collected 316 gold pieces.

Inventory:

Missiles
 c - 14 atropa-tipped darts
 q - a curare-tipped dart
Armour
 h - a +0 scale mail (worn)
Jewellery
 a - a ring of protection from fire (left hand)
 m - a ring of resist corrosion (right hand)
Wands
 o - a wand of mindburst (7) (quivered)
Scrolls
 e - 2 scrolls of teleportation
 s - a scroll of enchant armour
Potions
 b - 3 potions of haste {unknown}
 d - a potion of invisibility {unknown}
 f - 3 potions of heal wounds
 g - 3 potions of lignification {unknown}
 i - 5 potions of curing {unknown}
 j - a potion of mutation {unknown}
 k - a potion of might {unknown}
 l - 2 potions of attraction {unknown}
 n - 2 potions of cancellation {unknown}
 p - a potion of degeneration {unknown}


   Skills:
 * Level 4.4 Fighting
 + Level 3.2 Armour
 + Level 3.2 Dodging
 * Level 12.3 Unarmed Combat


You had 8 spell levels left.
You didn't know any spells.
Your spell library was empty.

Dungeon Overview and Level Annotations

Branches:
Dungeon (7/15)             Temple (0/1) D:6

Altars:
Ashenzari
Makhleb

Shops:
D:5 *


Innate Abilities, Weirdness & Mutations

You have a beak for a mouth.
You have claws for feet.
Your magical nature lets you fly swiftly and evasively.


Message History

The killer bee completely misses you.
You barely miss the killer bee. You claw the killer bee.
Your punch misses the killer bee.
The killer bee is almost dead.
You feel sick. The killer bee stings you. The killer bee barely misses you.
The killer bee stings you.
You are more poisoned.
The killer bee poisons you! The killer bee barely misses you. x2
You hit the killer bee.
You kill the killer bee!
Trog accepts your kill.
You feel very sick. The killer bee barely misses you.
The killer bee misses you. The killer bee stings you.
You feel sick. The killer bee misses you. x2
You see here a killer bee corpse.
You feel sick. The killer bee barely misses you.
You feel sick. The killer bee barely misses you.
Your skin crawls.
You feel strong-willed.
You feel sick. The killer bee misses you. The killer bee barely misses you.
A red film seems to cover your vision as you go berserk!
You feel yourself moving faster!
You feel mighty!
You feel sick. The killer bee barely misses you. x2
You barely miss the killer bee. Your kick misses the killer bee.
The killer bee completely misses you.
You miss the killer bee.
You feel sick. The killer bee stings you!
* * * LOW HITPOINT WARNING * * *
You pummel the killer bee!!
You kill the killer bee!
Trog accepts your kill.
You feel sick. The killer bee stings you.
* * * LOW HITPOINT WARNING * * *
The killer bee closely misses you.
You see here a killer bee corpse.
You punch the killer bee! Your kick misses the killer bee.
Your peck misses the killer bee.
The killer bee is heavily wounded.
The killer bee stings you.
You die...

..##....)......##......#
..######....##.#.......# ..#
#....##.#.......#
..######......[.......####
#............#.#.........#####
#..........#.#.#.............###
#..<...........#.######........##
#...........#..#.# ####......#
#...........#†.#@# ####...#
#...........#.>†y# ##...
.#..........###### #...
...........## ##.. ...........#
#.. ############ ##. ##


You could see a killer bee.

Vanquished Creatures
  A steam dragon (D:6)
  A water moccasin (D:6)
  A sky beast (D:6)
  2 ice beasts
  3 ogres
  A centaur (D:5)
  A kobold brigand (D:6)
  2 bullfrogs (D:6)
  2 scorpions (D:6)
  4 killer bees (D:6)
  A centaur zombie (D:4)
  5 hounds
  2 jellies
  2 orc priests (D:5)
  A centaur skeleton (D:4)
  2 bullfrog skeletons (D:6)
  A gnoll shaman (D:4)
  5 iguanas
  An orc wizard (D:6)
  A killer bee zombie (D:5)
  A hound zombie (D:5)
  A hound skeleton (D:5)
  6 gnolls
  6 adders
  2 ufetubi (D:4)
  2 adder skeletons (D:4)
  3 worms
  2 dart slugs
  19 orcs
  4 bats
  4 endoplasms
  A giant cockroach (D:3)
  5 goblins
  12 hobgoblins
  20 jackals
  14 kobolds
  5 quokkas
  7 ball pythons
  2 frilled lizards
  2 rats
157 creatures vanquished.

Vanquished Creatures (others)
  2 fungi (D:2)
  5 toadstools (D:2)
7 creatures vanquished.

Grand Total: 164 creatures vanquished

Notes
Turn   | Place    | Note
-------+----------+-------------------------------------------
     0 | D:1      | HoaS the Tengu Berserker began the quest for the Orb.
     0 | D:1      | Reached XP level 1. HP: 14/14 MP: 2/2
   140 | D:1      | Reached skill level 4 in Unarmed Combat
   140 | D:1      | Reached XP level 2. HP: 19/19 MP: 3/3
   393 | D:1      | Reached XP level 3. HP: 20/23 MP: 4/4
  1181 | D:2      | Reached skill level 5 in Unarmed Combat
  1292 | D:2      | Reached ** piety under Trog
  1430 | D:2      | Reached XP level 4. HP: 27/28 MP: 5/5
  1483 | D:2      | Found a burning altar of Makhleb.
  1499 | D:2      | Found a faded altar of an unknown god.
  1825 | D:3      | Reached skill level 6 in Unarmed Combat
  1833 | D:3      | Gained mutation: Your magical nature lets you fly swiftly
                  | and evasively. [Tengu growth]
  1833 | D:3      | Reached XP level 5. HP: 29/32 MP: 6/6
  1959 | D:3      | You are sucked into a shaft and drop 3 floors!
  1984 | D:5      | Entered Level 5 of the Dungeon
  2071 | D:5      | Reached skill level 7 in Unarmed Combat
  2082 | D:5      | Noticed a centaur
  2091 | D:5      | Killed a centaur
  2092 | D:5      | Reached XP level 6. HP: 16/37 MP: 7/7
  2432 | D:5      | Noticed an ice beast
  2440 | D:5      | Killed an ice beast
  2441 | D:5      | Reached skill level 8 in Unarmed Combat
  2600 | D:4      | Reached XP level 7. HP: 41/41 MP: 8/8
  2774 | D:4      | Reached *** piety under Trog
  2775 | D:4      | Reached skill level 9 in Unarmed Combat
  2896 | D:4      | HP: 2/41 [poisoned by a gnoll]
  3410 | D:3      | Found a broken altar of Ashenzari.
  4010 | D:5      | Reached skill level 10 in Unarmed Combat
  4090 | D:5      | Reached XP level 8. HP: 45/46 MP: 9/9
  4280 | D:5      | Found Zoschus's Assorted Antiques.
  4612 | D:6      | Found a staircase to the Ecumenical Temple.
  4627 | D:6      | Reached skill level 11 in Unarmed Combat
  5218 | D:6      | Reached **** piety under Trog
  5295 | D:6      | Reached skill level 12 in Unarmed Combat
  5498 | D:6      | Reached XP level 9. HP: 50/51 MP: 10/10
  6184 | D:6      | Slain by a killer bee

Illustrated notes

Levels and vault maps discovered:
D:1:      eino_arrival_water_cross, layout_basic, kennysheep_pointless_box,
          minmay_cut_off
D:2:      layout_basic, shapermc_ecumenical_altar_notcrosses, basic_altar,
          minmay_gold_behind_fungi
D:3:      layout_basic, marbit_many_paths, kennysheep_crisscross
D:4:      layout_basic
D:5:      layout_loops_corners, serial_shops, shop
D:6:      minmay_spotlight, layout_basic, minmay_temple_entry_overgrown,
          serial_curves, eino_curves_03, eino_curves_04, eino_curves_01,
          eino_curves_03
D:7:      layout_gridville

Skill      XL: |  1  2  3  4  5  6  7  8  9 |
---------------+----------------------------+-----
Unarmed Combat | 4 5 6 7 8 10 12 | 12.3
Fighting       | 4 |  4.4
Armour         | 3 |  3.2
Dodging        | 3 |  3.2

Action                   |  1- 3 |  4- 6 |  7- 9 || total
-------------------------+-------+-------+-------++-------
Melee: Unarmed           |    73 |   106 |   226 ||   405
       Peck              |     7 |    18 |    35 ||    60
       Punch             |     1 |     1 |     9 ||    11
       Kick              |    20 |    21 |    67 ||   108
Invok: Berserk           |     1 |     1 |     3 ||     5
       Trog's Hand       |       |     1 |     4 ||     5
  Use: Scroll            |       |     5 |     2 ||     7
       Potion            |       |       |     1 ||     1
Armor: Ring mail         |    24 |    25 |    34 ||    83
       Scale mail        |       |       |    24 ||    24
Dodge: Dodged            |    31 |    84 |   197 ||   312

Table legend: (Time is in decaauts)
 A = Elapsed time spent in this place.
 B = Non-inter-level travel time spent in this place.
 C = Inter-level travel time spent in this place.
 D = Time resting spent in this place.
 E = Time spent auto-exploring this place.
 F = Levels seen in this place.
 G = Mean time per level.
                   A        B        C        D        E       F      G
               +--------+--------+--------+--------+--------+-----+--------+
         Total |   5909 |   5739 |    170 |   1608 |   3213 |   7 |  844.1 |
       Dungeon |   5909 |   5739 |    170 |   1608 |   3213 |   7 |  844.1 |
               +--------+--------+--------+--------+--------+-----+--------+

Top non-repeatable levels by time:
     D:5: 1567 daAuts
     D:6: 1031 daAuts
     D:1: 976 daAuts
     D:4: 834 daAuts
     D:2: 824 daAuts
     D:3: 630 daAuts
     D:7: 43 daAuts
